Unix NetHack Version 5.0.0-0 post-release - last build May 23 2026 06:08:33 (1c0ff79ee797540d5714e4e18072db0edd9e58ae,branch:main).

Game began 2026-05-25 23:38:14, ended 2026-05-26 01:07:15.

Knob, neutral male human Tourist

     ---           ---------------------------------------
    --.--          |*................................*...|
    |...---        |.----------------#------------------.|
    |-....--       |)|              ...                |.|
    |......|      --.| -           -.....              |.|
 -----....--     --..|.|           |.0....           | |.|
 |..|.....---    |...#.|           |. .....          |.|.|
 |..........---  |.|.|.|            . ....|          |.#.|
 --....u......-- --|.| |            . ....-          -.|*|
  ---.......|..-- --.|              . .....          . |*|
    --......|-..--|.0|                 ...0         .. |.--
     |......---..--..|                 ...-       ...  |..|
    --........|-.....|                 ....      --+-  |..|
   --.........||..--.|                 ....            |..|
   |..r....----|..-|.|                 ._..            |..--
   |..@....|   |...|.|                  ...|0        | |...-------
   ---.--.--   ---...|       ------- -------.---------.|*|.......
     ------      --..|       0.............*...........#.|....-
                  --.-----------#------------#----------.....--
                   |...........**..*.....*.............**|>---
                   -----------------------------------------
Knob the Excursionist       St:14 Dx:11 Co:18 In:12 Wi:11 Ch:15  Neutral
Dlvl:6  $:44 HP:0(66) Pw:25(25) AC:6  Xp:7/921 T:9321 

Latest messages:
 You miss the dog.
 The dog bites!
 The dog bites!
 You hit the dog!
 The dog bites!
 You hit the dog!
 The dog bites!
 You hit the dog.
 You hear some noises in the distance.
 The dog bites!
 The dog bites!
 You miss the dog.
 The dog bites!
 What do you want to use or apply? [dknprxzBOZ or ?*]
 In what direction?
 The dog is blinded by the flash!
 The dog turns to flee.
 The dog bites!
 You miss the dog.
 You hit the dog.
 Pick a monster, object or location.
 What do you want to throw? [$sAG or ?*]
 In what direction?
 The pony seems more amiable.
 The food ration misses the pony.
 g - a food ration (4 in total).
 There is nothing here to pick up.
 What do you want to put on? [oE or ?*]
 Which ring-finger, Right or Left? [rl]
 E - an uncursed ring of warning (on right hand).
 You hit the dog.
 The dog bites!
 You hear some noises in the distance.
 You kill the dog!
 You hear some noises in the distance.
 You stop waiting.
 You hear some noises in the distance.
 You are beginning to feel hungry.
 What do you want to eat? [fg or ?*]
 This food really hits the spot!
 You finish eating the food ration.
 You stop waiting.
 The rabid rat bites!
 You hit the rabid rat!
 The rabid rat bites!
 The rabid rat's bite was poisoned!
 You hear the howling of the CwnAnnwn...
 You die...
 Do you want your possessions identified? [ynq] (y)
 Do you want to see your attributes? [ynq] (y)

Inventory:
 Coins    ('$')
  $ - 44 gold pieces
 Weapons  (')')
  s - 4 +0 darts
  G - a +0 elven dagger
  A - a blessed +0 orcish dagger
  a - the blessed rustproof +2 Giantslayer (weapon in right hand)
 Armor    ('[')
  H - an uncursed +0 dwarvish iron helm (being worn)
  K - an uncursed +0 pair of iron shoes (being worn)
  C - an uncursed +0 dwarvish cloak (being worn)
  i - an uncursed +0 Hawaiian shirt with a sailboat motif (being worn)
 Comestibles  ('%')
  g - 3 uncursed food rations
  f - an uncursed lembas wafer
 Scrolls  ('?')
  P - an uncursed scroll of create monster
  e - an uncursed scroll of gold detection
  t - an uncursed scroll of identify
  h - a blessed scroll of magic mapping
  j - 3 uncursed scrolls of magic mapping
  R - a blessed scroll of remove curse
  v - an uncursed scroll of scare monster
 Potions  ('!')
  u - an uncursed potion of levitation
  V - 2 uncursed potions of object detection
  m - a blessed potion of oil
  b - an uncursed potion of polymorph
  I - an uncursed potion of water
 Rings    ('=')
  o - an uncursed ring of polymorph control
  E - an uncursed ring of warning (on right hand)
 Wands    ('/')
  d - a wand of digging (0:4)
  n - a wand of fire (0:0)
  z - a wand of speed monster (0:6)
  Z - a wand of striking (0:1)
 Tools    ('(')
  k - an uncursed credit card
  O - an expensive camera (0:12)
  B - an uncursed leash
  p - an uncursed lock pick
  x - a +0 pick-axe
  r - 5 uncursed tallow candles
 Gems/Stones  ('*')
  N - an uncursed jacinth stone
  W - an uncursed worthless piece of black glass
  X - 4 uncursed worthless pieces of blue glass
  S - an uncursed worthless piece of green glass
  F - an uncursed worthless piece of orange glass
  D - 2 uncursed worthless pieces of white glass
  y - 3 uncursed worthless pieces of yellow glass

Knob the Tourist's attributes:

Background:
 You were an Excursionist, a level 7 male human Tourist.
 You were neutral, on a mission for The Lady
 who was opposed by Blind Io (lawful) and Offler (chaotic).
 You were right-handed.
 You were in the Gnomish Mines, on level 6.
 You entered the dungeon 9321 turns ago.
 It was nighttime.
 You had 921 experience points, 359 more were needed to attain level 8.

Basics:
 You had 0 out of 66 hit points.
 You had all 25 energy points (spell power).
 Your armor class was 6.
 Your wallet contained 44 zorkmids.
 Autopickup was on for '$"?+!=/' plus thrown.

Final Characteristics:
 Your strength was 14 (limit:18/100).
 Your dexterity was 11 (limit:18).
 Your constitution was 18 (limit:18).
 Your intelligence was 12 (limit:18).
 Your wisdom was 11 (limit:18).
 Your charisma was 15 (limit:18).

Final Status:
 You weren't hungry.
 You were unencumbered.
 You were wielding a long sword.
 You were unskilled in long sword.

Final Attributes:
 You were piously aligned.
 Your items were somewhat protected from fire.
 Your items were somewhat protected from cold.
 You were telepathic.
 You were warned.
 You were warded.
 You are dead.

Miscellaneous:
 You didn't encounter any bones levels.
 Total elapsed playing time was 1 hour and 29 minutes.

Major events:
 Turn
    1: Knob the neutral male human Tourist entered the dungeon
 1054: entered the Gnomish Mines
 1944: attained the rank of Sightseer (level 3)
 5503: attained the rank of Excursionist (level 6)
 6494: reached Mine Town
 8991: was bestowed with Giantslayer by The Lady
 9321: killed by a rabid rat

You didn't know any spells.

Skills:
 Fighting Skills
   bare handed combat [Unskilled]
   two weapon combat  [Unskilled]
   riding             [Unskilled]
 Weapon Skills
   dagger             [Skilled]
   knife              [Unskilled]
   axe                [Unskilled]
   pick-axe           [Unskilled]
   short sword        [Unskilled]
   broadsword         [Unskilled]
   long sword         [Unskilled]
   two-handed sword   [Unskilled]
   saber              [Unskilled]
   mace               [Unskilled]
   morning star       [Unskilled]
   flail              [Unskilled]
   hammer             [Unskilled]
   quarterstaff       [Unskilled]
   polearms           [Unskilled]
   spear              [Unskilled]
   trident            [Unskilled]
   lance              [Unskilled]
   bow                [Unskilled]
   sling              [Unskilled]
   crossbow           [Unskilled]
   dart               [Basic]
   shuriken           [Unskilled]
   boomerang          [Unskilled]
   whip               [Unskilled]
   unicorn horn       [Unskilled]
 Spellcasting Skills
   divination spells  [Unskilled]
   enchantment spells [Unskilled]
   escape spells      [Unskilled]

Voluntary challenges:
 Character rerolling was not enabled.
 You never genocided any monsters.
 You never polymorphed an object.
 You never changed form.
 You used no wishes.
Achievements:
 You entered a shop.
 You entered the Gnomish Mines.
 You attained the rank of Sightseer.
 You attained the rank of Excursionist.
 You entered Minetown.

 The Dungeons of Doom: levels 1 to 7
    Level 1:
       An altar to The Lady.
    Level 2:
       A fountain.
    Level 3: "raidstore"
       A food shop.
       Stairs down to The Gnomish Mines.
    Level 4: "telep, junk, raidstore"
       A potion shop, a fountain.
    Level 5:
       An altar to The Lady.
    Level 6:
    Level 7: "v"
 The Gnomish Mines: levels 4 to 6
    Level 4: "cursed shuriken"
    Level 5: "plumed helmet,lvlport"
    Level 6: <- You were here.
       An altar.
       Final resting place for
          you, killed by a rabid rat.


Vanquished creatures:
  a leprechaun
  2 dingoes
  a dog
  a housecat
  a blue jelly
  2 human zombies
  a bugbear
 an imp
  a wood nymph
  a mountain nymph
  2 orc shamans
  2 rock piercers
  2 ponies
  5 gnome leaders
  2 kobold mummies
  a straw golem
  3 giant ants
  a little dog
  5 floating eyes
  a kitten
  5 dwarves
  2 homunculi
  a kobold leader
 14 hill orcs
  6 rothes
  a rabid rat
  a centipede
  2 giant bats
  2 orc zombies
  a dwarf zombie
  2 wererats
  a werejackal
  2 iguanas
  8 coyotes
  a hobbit
  6 manes
  a large kobold
  2 hobgoblins
  4 giant rats
  5 cave spiders
  a yellow mold
  3 green molds
  a red mold
 18 gnomes
  a garter snake
  5 geckos
 16 jackals
  3 foxes
  2 kobolds
  8 goblins
 10 sewer rats
  7 grid bugs
  3 bats
  4 lichens
  a kobold zombie
 12 newts
198 creatures vanquished.

No species were genocided or became extinct.

Game over:
                       ----------
                      /          \
                     /    REST    \
                    /      IN      \
                   /     PEACE      \
                  /                  \
                  |       Knob       |
                  |      44 Au       |
                  |   killed by a    |
                  |    rabid rat     |
                  |                  |
                  |                  |
                  |       2026       |
                 *|     *  *  *      | *
        _________)/\\_//(\/(/\)/\//\/|_)_______

Aloha Knob the Tourist...

You died in The Gnomish Mines on dungeon level 6 with 4034 points,
and 44 pieces of gold, after 9321 moves.
You were level 7 with a maximum of 66 hit points when you died.

